 Dungeon Crawl Stone Soup version 0.26-b1-32-g5d43845318 (webtiles) character file.

Game seed: 6587876076805919686

198 Anon1729 the Insei (level 5, -11/37 HPs)
             Began as a Merfolk Transmuter on Jan 5, 2021.
             Mangled by an ogre
             ... wielding a +0 giant spiked club
              (26 damage)
             ... on level 4 of the Dungeon.
             The game lasted 00:03:00 (3256 turns).

Anon1729 the Insei (Merfolk Transmuter)             Turns: 3256, Time: 00:03:01

Health: -11/37     AC: 13    Str: 11    XL:     5   Next: 76%
Magic:  17/17      EV: 11    Int: 13    God:
Gold:   179        SH:  0    Dex: 14    Spells: 5/8 levels left

rFire    . . .     SeeInvis .     - Unarmed
rCold    . . .     Faith    .   (no shield)
rNeg     . . .     Spirit   .   h - quicksilver dragon scales
rPois    .         Reflect  .   (helmet currently unavailable)
rElec    .         Harm     .   (no cloak)
rCorr    .         Rampage  .   (no gloves)
Will     +....                  (boots currently unavailable)
Stlth    +.........             (no amulet)
HPRegen  0.12/turn              i - +4 ring of protection
MPRegen  0.15/turn              l - ring of magical power

@: appendages (expiring)
A: change form in water, swift swim, stealthy swim, horns 2
a: End Transformation


You were on level 4 of the Dungeon.
You had grown temporary horns.
You visited 1 branch of the dungeon, and saw 4 of its levels.

You collected 179 gold pieces.

Inventory:

Armour
 a - a +0 robe
 h - quicksilver dragon scales (worn)
 p - a +1 helmet of see invisible (melded)
Jewellery
 i - a +4 ring of protection (left hand)
 l - a ring of magical power (right hand)
Scrolls
 b - 3 scrolls of enchant armour {unknown}
 c - 4 scrolls of remove curse
 d - 3 scrolls of teleportation {unknown}
 e - a scroll of blinking {unknown}
 k - 2 scrolls of identify {unknown}
 m - a scroll of random uselessness {unknown}
 n - a scroll of fear {unknown}
Potions
 f - 3 potions of heal wounds {unknown}
 g - a potion of attraction {unknown}
 j - a potion of mutation {unknown}
 o - 2 potions of curing {unknown}


   Skills:
 - Level 1.1 Fighting
 - Level 2.8 Dodging
 + Level 6.7 Unarmed Combat
 - Level 2.1 Spellcasting
 - Level 2.9 Transmutations


You had 5 spell levels left.
You knew the following spells:

 Your Spells              Type           Power        Failure   Level
a - Beastly Appendage     Tmut           16%          19%         1
b - Wereblood             Tmut           8%           28%         2

Your spell library contained the following spells:

 Spells                   Type           Power        Failure   Level
 Spider Form              Tmut/Pois      2%           71%         3
 Ice Form                 Ice/Tmut       5%           98%         4
 Blade Hands              Tmut           4%           99%         5


Dungeon Overview and Level Annotations

Branches:
Dungeon (4/15)
 Temple: D:4-7

Altars:
Kikubaaqudgha
Wu Jian


Innate Abilities, Weirdness & Mutations

You revert to your normal form in water.
You are very nimble and swift while swimming.
You are very stealthy in the water. (Stealth+)
You have a pair of horns on your head.


Message History

The ogre hits you but does no damage.
You barely miss the ogre.
The ogre is moderately wounded.
The ogre closely misses you.
You hit the ogre but do no damage. You headbutt the ogre!
The ogre is heavily wounded.
You barely miss the ogre.
You headbutt the ogre, but do no damage.
The ogre is heavily wounded.
The ogre hits you with a +0 giant spiked club!!
Ouch! That really hurt!
You are too injured to fight recklessly!
You hit the ogre.
The ogre is severely wounded.
You barely miss the ogre.
The ogre is severely wounded.
Your transformation is almost over.
The ogre hits you with a +0 giant spiked club!!
Ouch! That really hurt!
You die...

##### #...#####
#...P.P.#
#..≈≈≈≈.# .
#####..≈≈≈≈.#.#
#.@Ohh.≈≈≈≈...#
#<####.≈≈≈≈...#
#.# #......#.
#.# ##.#.###
#.# #...# #.#
....... #.#
####.###.. #.#
.# #.. .#


You could see an ogre, a hound and a jackal.

Vanquished Creatures
  A centaur zombie (D:4)
  10 adders
  An ooze (D:2)
  3 worms (D:2)
  An orc (D:3)
  8 bats
  3 giant cockroaches
  4 goblins
  9 hobgoblins
  3 jackals (D:1)
  7 kobolds
  2 quokkas (D:3)
  3 frilled lizards
  A giant cockroach zombie (D:4)
  A jackal zombie (D:4)
  A leopard gecko skeleton (D:3)
  7 rats
65 creatures vanquished.

Notes
Turn   | Place    | Note
-------+----------+-------------------------------------------
     0 | D:1      | Anon1729 the Merfolk Transmuter began the quest for the
                  | Orb.
     0 | D:1      | Reached XP level 1. HP: 15/15 MP: 3/3
   201 | D:1      | Reached XP level 2. HP: 15/21 MP: 5/5
   524 | D:1      | Reached skill level 4 in Unarmed Combat
   895 | D:2      | Reached XP level 3. HP: 23/26 MP: 4/6
  1038 | D:2      | Found an ornate altar of the Wu Jian Council.
  1179 | D:2      | Reached skill level 5 in Unarmed Combat
  1319 | D:2      | Reached XP level 4. HP: 32/32 MP: 7/7
  1381 | D:2      | Found an ancient bone altar of Kikubaaqudgha.
  2133 | D:3      | Reached XP level 5. HP: 37/37 MP: 8/8
  2179 | D:3      | Reached skill level 6 in Unarmed Combat
  3234 | D:4      | Noticed an ogre
  3238 | D:4      | Learned a level 2 spell: Wereblood
  3256 | D:4      | Mangled by an ogre

Illustrated notes

Levels and vault maps discovered:
D:1:      noname_arrival_rooms_in_the_neighbourhood, layout_loops_ring,
          minmay_misc_feat_four_crosses, minmay_small_reverse_x
D:2:      layout_basic, lemuel_round_altar, nzn_wu_jian_council_hall,
          minmay_crystal_room
D:3:      minmay_skewed_foursquare, layout_loops_ring, minivault_14
D:4:      layout_loops_ring, minmay_temple_entry_butterflies, serial_undead,
          serial_undead_f, serial_undead_c, serial_undead_d, serial_undead_b,
          nemelex_lonely_heart_becter, uniq_sigmund, uniq_grinder, uniq_menkaure

Skill      XL: |  1  2  3  4  5 |
---------------+----------------+-----
Unarmed Combat | 4 5 6 |  6.7
Fighting       | |  1.1
Dodging        | |  2.8
Spellcasting   | |  2.1
Transmutations | |  2.9

Action                   |  1- 3 |  4- 6 || total
-------------------------+-------+-------++-------
Melee: Unarmed           |   133 |   162 ||   295
       Punch             |     2 |     5 ||     7
       Headbutt          |       |     4 ||     4
 Cast: Beastly Appendage |     1 |     2 ||     3
  Use: Scroll            |     1 |       ||     1
Armor: Robe              |    12 |       ||    12
       Quicksilver drago |    54 |    81 ||   135
Dodge: Dodged            |    84 |    85 ||   169
